 Dungeon Crawl Stone Soup version 0.26-a0-818-g75db068ed4 (webtiles) character file.

Game seed: 1766897670747259077

126067 willcat the Blocker (level 16, -2/129 HPs)
             Began as a Gnoll Fighter on Nov 14, 2020.
             Was the Champion of Ashenzari.
             Splashed by an acid blob's acid (3 damage)
             ... on level 5 of the Pits of Slime on Nov 15, 2020.
             The game lasted 00:53:26 (24420 turns).

willcat the Blocker (Gnoll Fighter)                Turns: 24420, Time: 00:53:27

Health: -2/129     AC: 27    Str: 23    XL:     16   Next: 97%
Magic:  0/31       EV: 15    Int:  9    God:    Ashenzari [******]
Gold:   914        SH: 14    Dex: 14    Spells: 35/37 levels left

rFire    + . .     SeeInvis +   M - +9 sword of Zonguldrok {reap} (curse)
rCold    + + .     Faith    .   c - +0 kite shield (curse)
rNeg     . . .     Spirit   +   E - +9 chain mail of Bitterness {+Blink rF- Regen+ Int-3} (curse)
rPois    +         Reflect  .   (helmet restricted)
rElec    +         Harm     .   T - +2 cloak {rC+} (curse)
rCorr    +         Rampage  .   k - +1 pair of gloves (curse)
MR       +....     Clarity  +   a - +0 pair of boots (curse)
Stlth    ++........             S - amulet of guardian spirit (curse)
HPRegen  0.71/turn              I - +4 ring of protection
MPRegen  0.22/turn              s - ring of protection from fire

@: mighty, resistant, corroded, hasted, very quick
A: distributed training, fangs 1, horns 1, blurry vision 1, clumsy 1, subdued
magic 1, strong nose
a: Curse Item, Scrying, Renounce Religion, Evoke Blink


You were on level 5 of the Pits of Slime.
You worshipped Ashenzari.
Ashenzari was exalted by your worship.
You visited 4 branches of the dungeon, and saw 28 of its levels.
You visited the Abyss 1 time.
You also visited: Ice Cave and Volcano.

You collected 3150 gold pieces.
You spent 2236 gold pieces at shops.

Inventory:

Hand Weapons
 M - the cursed +9 sword of Zonguldrok (weapon) {reap}
   (You found it on level 9 of the Dungeon)

   If a monster killed with it leaves a corpse in good enough shape, the corpse
   will be animated as a zombie friendly to the killer.
   It has a curse placed upon it.
Armour
 a - a cursed +0 pair of boots (worn)
 c - a cursed +0 kite shield (worn)
 k - a cursed +1 pair of gloves (worn)
 v - a cursed +0 helmet
 E - the cursed +9 chain mail of Bitterness (worn) {+Blink rF- Regen+ Int-3}
   (You found it on level 7 of the Dungeon)

   It affects your intelligence (-3).
   It makes you vulnerable to fire.
   It lets you blink.
   It increases your rate of regeneration.
   It has a curse placed upon it.
 T - a cursed +2 cloak of cold resistance (worn)
Jewellery
 s - a ring of protection from fire (right hand)
 y - an uncursed ring of fire
 A - an uncursed ring of resist corrosion
 D - an uncursed ring of positive energy
 F - an uncursed ring of ice
 I - a +4 ring of protection (left hand)
 R - a +6 ring of dexterity
 S - a cursed amulet of guardian spirit (around neck)
Wands
 e - a wand of acid (6)
 r - a wand of flame (2)
 K - a wand of paralysis (33)
 L - a wand of digging (6)
 W - a wand of enslavement (13)
Scrolls
 b - 9 scrolls of remove curse
 g - 3 scrolls of magic mapping
 h - 4 scrolls of fear
 i - 11 scrolls of amnesia
 m - 3 scrolls of enchant armour
 q - 6 scrolls of immolation
 u - 4 scrolls of enchant weapon
 x - 4 scrolls of teleportation
 O - a scroll of blinking
 V - 6 scrolls of fog
Potions
 d - 5 potions of might
 f - a potion of brilliance
 j - 3 potions of magic
 l - 7 potions of curing
 n - 3 potions of resistance
 o - 7 potions of mutation
 p - 8 potions of lignification
 t - 4 potions of haste
 w - a potion of invisibility
 z - a potion of ambrosia
 B - 2 potions of cancellation
 G - 2 potions of heal wounds
 P - 4 potions of berserk rage
Miscellaneous
 C - a box of beasts (inert)
 U - a phial of floods
 Y - a lightning rod (4/4)


   Skills:
 + Level 12.7 Fighting
 + Level 11.1 Short Blades
 + Level 11.1(15.3) Long Blades
 + Level 11.1 Axes
 + Level 11.1 Maces & Flails
 + Level 12.0 Polearms
 + Level 11.1 Staves
 + Level 11.1 Slings
 + Level 11.1 Bows
 + Level 11.1 Crossbows
 + Level 11.1 Throwing
 + Level 12.7(16.8) Armour
 + Level 11.1 Dodging
 + Level 11.1 Stealth
 + Level 12.7(15.3) Shields
 + Level 11.1 Unarmed Combat
 + Level 11.1 Spellcasting
 + Level 9.5 Conjurations
 + Level 9.5 Hexes
 + Level 9.5 Summonings
 + Level 9.5 Necromancy
 + Level 9.5 Translocations
 + Level 9.5 Transmutations
 + Level 9.5 Fire Magic
 + Level 9.5 Ice Magic
 + Level 9.5 Air Magic
 + Level 9.5 Earth Magic
 + Level 9.5 Poison Magic
 + Level 12.0 Invocations
 + Level 11.1 Evocations


You had 35 spell levels left.
You knew the following spells:

 Your Spells              Type           Power        Failure   Level
a - Wereblood             Tmut           ###.....     1%          2

Your spell library contained the following spells:

 Spells                   Type           Power        Failure   Level
 Animate Skeleton         Necr           ###...       1%          1
 Apportation              Tloc           ###...       1%          1
 Beastly Appendage        Tmut           ###...       1%          1
 Corona                   Hex            ###....      1%          1
 Foxfire                  Conj/Fire      ###.         1%          1
 Magic Dart               Conj           ###.         1%          1
 Sting                    Tmut/Pois      ###.         1%          1
 Summon Small Mammal      Summ           ###.         1%          1
 Call Imp                 Summ           ###.....     1%          2
 Ensorcelled Hibernation  Hex/Ice        ###...       1%          2
 Poisonous Vapours        Pois/Air       ###...       1%          2
 Searing Ray              Conj           ###...       1%          2
 Call Canine Familiar     Summ           ###.....     2%          3
 Conjure Flame            Conj/Fire      ###.....     2%          3
 Dazzling Flash           Conj/Hex       ###...       2%          3
 Ignite Poison            Fire/Tmut/Pois ###.....     2%          3
 Inner Flame              Hex/Fire       ###.....     2%          3
 Mephitic Cloud           Conj/Pois/Air  ###.....     2%          3
 Spider Form              Tmut/Pois      ###.......   2%          3
 Summon Guardian Golem    Hex/Summ       ###.....     2%          3
 Fulminant Prism          Conj/Hex       ###.......   9%          4
 Ice Form                 Ice/Tmut       ###.....     9%          4
 Iskenderun's Mystic Bla  Conj/Tloc      ###.....     9%          4
 Olgreb's Toxic Radiance  Pois           ###.....     9%          4
 Sticky Flame             Conj/Fire      ###.....     9%          4
 Summon Ice Beast         Ice/Summ       ###.....     9%          4
 Summon Lightning Spire   Summ/Air       ###.....     9%          4
 Blade Hands              Tmut           ###.......   26%         5
 Bolt of Magma            Conj/Fire/Erth ###.......   26%         5
 Borgnjor's Vile Clutch   Necr/Erth      ###.......   26%         5
 Fireball                 Conj/Fire      ###.......   26%         5
 Irradiate                Conj/Tmut      ###.......   26%         5
 Iskenderun's Battlesphe  Conj           ###.....     26%         5
 Silence                  Hex/Air        ###.......   26%         5
 Hydra Form               Tmut           ###.......   83%         6
 Iron Shot                Conj/Erth      ###.......   83%         6
 Shadow Creatures         Summ           N/A          83%         6
 Starburst                Conj/Fire      ###.......   83%         6
 Statue Form              Tmut/Erth      ###......    83%         6
 Dragon Form              Tmut           ###.......   100%        7
 Orb of Destruction       Conj           ###.......   100%        7
 Spellforged Servitor     Conj/Summ      ###.......   100%        7
 Ignition                 Fire           ###.......   100%        8


Dungeon Overview and Level Annotations

Branches:
Dungeon (15/15)            Temple (0/1) D:4            Lair (6/6) D:9
  Swamp (0/4) Lair:4        Snake (0/4) Lair:4        Slime (5/5) Lair:6
    Orc (2/2) D:12            Elf (0/3) Orc:2        Vaults (0/5) D:14
 Depths (0/5) D:15          IceCv (visited)         Volcano (visited)

Altars:
Ashenzari
Cheibriados
Dithmenos
Gozag
Hepliaklqana
Kikubaaqudgha
Makhleb
Nemelex Xobeh
Qazlal
Ru
Sif Muna
Trog
Uskayaw
Vehumet
Xom
Zin
The Shining One
Beogh
Jiyva

Shops:
D:7 }   Orc:2 (([(*

Annotations:
Slime:5 Royal Jelly


Innate Abilities, Weirdness & Mutations

Your experience applies equally to all skills.
You have very sharp teeth.
Your uncanny sense of smell can sniff out nearby items.
You have a pair of small horns on your head.
Scrolls take you a little longer to read.
You are clumsy. (Dex -2)
Your spells are a little easier to cast, but a little less powerful.


Message History

The death ooze hits you but does no damage.
You block the death ooze's attack.
A slime creature comes into view.
The very large slime creature is engulfed in blazing flames.
Unknown command.
Unknown command.
You slash the death ooze!
The death ooze is heavily damaged.
You are engulfed in blazing flames.
You resist. The azure jelly misses you. The azure jelly hits you.
* * * LOW HITPOINT WARNING * * *
The azure jelly freezes you! You resist.
* * * LOW HITPOINT WARNING * * *
The azure jelly hits you but does no damage.
You block the azure jelly's attack.
The acid blob is engulfed in blazing flames.
The acid blob hits you!!
* * * LOW HITPOINT WARNING * * *
You are splashed with acid.
You resist.
You die...

, ,, ,,*,, * _ , , , ** ,,
..GGGGJ.#J,, *, ,,, , ,,
,, * *###GJ#### * *,, , ,,
,,* **∆∆ )#J##:#∆∆* * ,,
,,, ,,,**∆∆∆∆##..##∆∆∆∆*
...... , ,
,***∆∆∆∆∆##J#∆∆∆∆∆
##...... ,, ,,, *∆∆∆ #J○
*∆∆∆###....... , ,, ,
**∆∆∆#J##∆∆∆*#.........
,,, ,,, , ** ∆*#@J#*∆
##......... , ,,
,.######J#####.......... ,
,, ....{{{JJ#.#...........
,,, , ,
,,....{{{................
,, , ,
,.......................
,,,,,,
.......................
,,, ,,,
....................... ,
, ,,
,....................... ,
,,
,,,J..................<..#


You could see the Royal Jelly (inner flame), 4 acid blobs, an azure jelly, 2
great orbs of eyes, a very large slime creature, a large slime creature, 2 slime
creatures, 2 shining eyes, a death ooze and an eye of draining.

Vanquished Creatures
  Rupert (Orc:2)
  11 acid blobs
  Agnes (D:14)
  4 azure jellies
  A frost giant (IceCv)
  2 orc warlords
  A fire giant (D:13)
  An ettin (D:15)
  A death ooze (Slime:5)
  Harold (D:7)
  3 boulder beetles
  4 centaur warriors
  11 hydras
  2 catoblepae
  2 dancing weapons (D:14)
  A death knight (D:12)
  A tengu warrior (D:13)
  3 two-headed ogres
  2 death yaks (Lair:3)
  A deep elf knight (D:15)
  An orc high priest (Orc:1)
  4 unseen horrors
  A lindwurm (Lair:2)
  A phantasmal warrior (D:13)
  A wizard (D:15)
  A necromancer (Lair:5)
  2 deep elf magi
  3 orc knights
  3 wolf spiders
  2 oklob plants
  2 orc sorcerers
  2 shining eyes
  12 ugly things
  4 cyclopes
  8 elephants (Lair:2)
  4 manticores
  8 black mambas
  An ice statue (IceCv)
  4 gargoyles
  An eye of devastation (Slime:5)
  15 cane toads
  2 torpor snails
  2 kobold demonologists (D:14)
  6 komodo dragons
  A yaktaur (D:13)
  5 rime drakes
  An efreet (Volcano)
  4 freezing wraiths
  An ancient zyme (Abyss:2)
  A tengu conjurer (D:15)
  A troll (shapeshifter) (D:15)
  A queen bee (shapeshifter) (D:14)
  14 polar bears
  5 trolls
  2 hornets (Lair:6)
  A wolf spider simulacrum (D:14)
  30 slime creatures
  14 blink frogs
  2 shadows
  14 wyverns
  3 wraiths (D:12)
  3 vampires
  A redback (Lair:6)
  Sigmund (D:5)
  5 basilisks
  58 yaks
  2 golden eyes
  3 vampire mosquitoes (D:13)
  3 wargs
  2 nagas (Lair:4)
  A soldier ant (D:15)
  24 water moccasins
  5 sky beasts
  A meliai simulacrum (D:13)
  A hornet zombie (D:14)
  6 ice beasts
  A black bear (shapeshifter) (D:13)
  46 orc warriors
  6 black bears
  2 eyes of draining
  A necrophage (D:7)
  10 ogres
  5 boggarts (D:14)
  8 centaurs
  15 wolves
  4 big kobolds
  27 bullfrogs
  2 gnoll sergeants
  A wyvern skeleton (D:15)
  A water moccasin skeleton (D:10)
  A hornet simulacrum (D:13)
  4 scorpions
  18 killer bees
  8 wights
  2 howler monkeys
  5 electric eels
  A centaur zombie (D:10)
  2 bullfrog zombies
  A wyvern simulacrum (D:8)
  6 centaur skeletons
  A gnoll shaman (D:8)
  39 orc priests
  5 jellies
  5 bullfrog skeletons
  8 hounds
  34 orc wizards
  13 worker ants
  7 hell rats (Lair:6)
  5 polar bear simulacra (Lair:5)
  A yak simulacrum (Lair:5)
  A bullfrog simulacrum (D:8)
  A hound zombie (D:11)
  2 hound skeletons
  2 howler monkey zombies (D:6)
  A killer bee simulacrum (D:8)
  A worker ant zombie (D:8)
  11 gnolls
  9 adders
  A hound simulacrum (D:8)
  3 shadow imps
  4 white imps (D:8)
  An ufetubus (D:10)
  An ooze (D:2)
  An adder skeleton (D:3)
  4 worms
  2 dart slugs
  9 leopard geckos
  102 orcs
  A bat (D:2)
  9 giant cockroaches
  4 goblins
  5 hobgoblins
  13 jackals
  19 kobolds
  4 quokkas
  A ball python (D:2)
  5 frilled lizards
  A jackal skeleton (D:4)
  3 rats
  5 river rat simulacra (Lair:5)
881 creatures vanquished.

Vanquished Creatures (collateral kills)
  An azure jelly (Slime:3)
  A hydra (D:14)
  A two-headed ogre (D:11)
  A shining eye (Slime:3)
  A black mamba (Lair:6)
  A guardian serpent (Lair:6)
  A rime drake (Lair:5)
  3 polar bears (IceCv)
  A blink frog (Lair:6)
  A redback (Lair:6)
  4 yaks
  A naga (Lair:4)
  2 water moccasins (Lair:6)
  2 orc warriors
  A wolf (IceCv)
  A bullfrog (Lair:3)
  A scorpion (D:12)
  3 orcs
  A kobold (D:10)
28 creatures vanquished.

Vanquished Creatures (others)
  A wight (D:13)
  26 fungi
  54 plants
  3 toadstools (Lair:2)
84 creatures vanquished.

Grand Total: 993 creatures vanquished

Notes
Turn   | Place    | Note
-------+----------+-------------------------------------------
     0 | D:1      | willcat the Gnoll Fighter began the quest for the Orb.
     0 | D:1      | Reached XP level 1. HP: 23/23 MP: 1/1
   426 | D:1      | Reached XP level 2. HP: 29/29 MP: 2/2
   851 | D:2      | Found a bloodstained altar of Trog.
   929 | D:2      | Reached XP level 3. HP: 28/35 MP: 3/3
  1142 | D:2      | Found a broken altar of Ashenzari.
  1151 | D:2      | Reached skill level 1 in Invocations
  1153 | D:2      | Reached skill level 1 in Short Blades
  1153 | D:2      | Reached skill level 1 in Long Blades
  1153 | D:2      | Reached skill level 1 in Axes
  1153 | D:2      | Reached skill level 1 in Maces & Flails
  1153 | D:2      | Reached skill level 1 in Staves
  1153 | D:2      | Reached skill level 1 in Slings
  1153 | D:2      | Reached skill level 1 in Bows
  1153 | D:2      | Reached skill level 1 in Crossbows
  1153 | D:2      | Reached skill level 1 in Throwing
  1153 | D:2      | Reached skill level 1 in Dodging
  1153 | D:2      | Reached skill level 1 in Stealth
  1153 | D:2      | Reached skill level 1 in Unarmed Combat
  1153 | D:2      | Reached skill level 1 in Spellcasting
  1153 | D:2      | Reached skill level 1 in Evocations
  1153 | D:2      | Reached XP level 4. HP: 40/41 MP: 5/5
  1170 | D:2      | Became a worshipper of Ashenzari the Shackled
  1317 | D:2      | Found a faded altar of an unknown god.
  1319 | D:2      | Found a shimmering altar of Xom.
  1573 | D:3      | Reached skill level 1 in Conjurations
  1573 | D:3      | Reached skill level 1 in Hexes
  1573 | D:3      | Reached skill level 1 in Summonings
  1573 | D:3      | Reached skill level 1 in Necromancy
  1573 | D:3      | Reached skill level 1 in Translocations
  1573 | D:3      | Reached skill level 1 in Transmutations
  1573 | D:3      | Reached skill level 1 in Fire Magic
  1573 | D:3      | Reached skill level 1 in Ice Magic
  1573 | D:3      | Reached skill level 1 in Air Magic
  1573 | D:3      | Reached skill level 1 in Earth Magic
  1573 | D:3      | Reached skill level 1 in Poison Magic
  1704 | D:2      | Reached XP level 5. HP: 37/47 MP: 5/7
  2441 | D:3      | Reached XP level 6. HP: 53/53 MP: 8/8
  2487 | D:3      | Found a burning altar of Makhleb.
  2490 | D:3      | Found a glowing silver altar of Zin.
  2490 | D:3      | Noticed an angel
  2491 | D:3      | Noticed a balrug
  2677 | D:4      | Found a hide-covered altar of Uskayaw.
  2913 | D:4      | Reached skill level 5 in Polearms
  2988 | D:4      | Found an opulent altar of Gozag.
  3125 | D:4      | Found a staircase to the Ecumenical Temple.
  3243 | D:4      | Reached XP level 7. HP: 51/59 MP: 10/10
  3403 | D:4      | Found a sacrificial altar of Ru.
  3657 | D:5      | Entered Level 5 of the Dungeon
  3657 | D:5      | Noticed Sigmund
  3661 | D:5      | Killed Sigmund
  3837 | D:5      | Reached XP level 8. HP: 45/67 MP: 12/12
  4055 | D:5      | Reached * piety under Ashenzari
  4261 | D:5      | Found a hazy altar of Hepliaklqana.
  4993 | D:6      | Found a shadowy altar of Dithmenos.
  5151 | D:6      | Found an ancient bone altar of Kikubaaqudgha.
  5164 | D:6      | Reached ** piety under Ashenzari
  5350 | D:7      | Found Vuthi's Gadget Boutique.
  5749 | D:7      | Reached XP level 9. HP: 37/73 MP: 14/14
  6046 | D:7      | Noticed Harold
  6550 | D:7      | Killed Harold
  6551 | D:7      | Reached skill level 5 in Invocations
  6661 | D:7      | Identified the +9 chain mail of Bitterness {+Blink rF-
                  | Regen+ Int-3}
  6983 | D:8      | Reached XP level 10. HP: 55/80 MP: 17/17
  7173 | D:8      | Found a glowing golden altar of the Shining One.
  7173 | D:8      | Found a radiant altar of Vehumet.
  7185 | D:8      | Found a snail-covered altar of Cheibriados.
  7187 | D:8      | Found a stormy altar of Qazlal.
  7188 | D:8      | Found a faded altar of an unknown god.
  7279 | D:8      | Reached skill level 5 in Short Blades
  7279 | D:8      | Reached skill level 5 in Long Blades
  7279 | D:8      | Reached skill level 5 in Axes
  7279 | D:8      | Reached skill level 5 in Maces & Flails
  7279 | D:8      | Reached skill level 5 in Staves
  7279 | D:8      | Reached skill level 5 in Slings
  7279 | D:8      | Reached skill level 5 in Bows
  7279 | D:8      | Reached skill level 5 in Crossbows
  7279 | D:8      | Reached skill level 5 in Throwing
  7279 | D:8      | Reached skill level 5 in Dodging
  7279 | D:8      | Reached skill level 5 in Stealth
  7279 | D:8      | Reached skill level 5 in Unarmed Combat
  7279 | D:8      | Reached skill level 5 in Spellcasting
  7279 | D:8      | Reached skill level 5 in Evocations
  7323 | D:8      | Found a stormy altar of Qazlal.
  7415 | D:8      | Reached *** piety under Ashenzari
  8095 | D:9      | Found the +9 sword of Zonguldrok {reap}
  8316 | D:9      | Found a staircase to the Lair.
  8733 | D:7      | Bought a wand of digging (5) for 216 gold pieces
  8821 | D:10     | Entered Level 10 of the Dungeon
  8847 | Lair:1   | Entered Level 1 of the Lair of Beasts
  8945 | Lair:1   | Reached XP level 11. HP: 69/87 MP: 19/19
  8992 | Lair:1   | Found a dark tunnel.
  9000 | Volcano  | Entered a volcano
  9014 | Volcano  | Reached **** piety under Ashenzari
  9085 | Volcano  | Reached skill level 5 in Conjurations
  9085 | Volcano  | Reached skill level 5 in Hexes
  9085 | Volcano  | Reached skill level 5 in Summonings
  9085 | Volcano  | Reached skill level 5 in Necromancy
  9085 | Volcano  | Reached skill level 5 in Translocations
  9085 | Volcano  | Reached skill level 5 in Transmutations
  9085 | Volcano  | Reached skill level 5 in Fire Magic
  9085 | Volcano  | Reached skill level 5 in Ice Magic
  9085 | Volcano  | Reached skill level 5 in Air Magic
  9085 | Volcano  | Reached skill level 5 in Earth Magic
  9085 | Volcano  | Reached skill level 5 in Poison Magic
  9588 | Lair:1   | Noticed an oklob plant
  9608 | Lair:1   | Killed an oklob plant
  9664 | Lair:1   | Noticed a four-headed hydra
  9698 | Lair:1   | Killed a five-headed hydra
 10042 | Lair:2   | Noticed a five-headed hydra
 10044 | Lair:2   | Noticed a seven-headed hydra
 10073 | Lair:1   | Killed a five-headed hydra
 10107 | Lair:2   | Killed a seven-headed hydra
 10173 | Lair:2   | Found a frozen archway.
 10183 | IceCv    | Entered an ice cave
 10282 | IceCv    | Reached XP level 12. HP: 96/96 MP: 22/22
 10652 | IceCv    | Noticed a frost giant
 10667 | IceCv    | Killed a frost giant
 10688 | IceCv    | Reached skill level 10 in Fighting
 10688 | IceCv    | Reached skill level 10 in Armour
 10688 | IceCv    | Reached skill level 10 in Shields
 10720 | IceCv    | Identified the cursed +3 great mace of Arrival {pain, +Rage
                  | rF+ Str-3 Int+2}
 11163 | Lair:2   | Reached ***** piety under Ashenzari
 11284 | Lair:2   | Reached XP level 13. HP: 100/103 MP: 24/24
 11674 | Lair:2   | Found a runed translucent door.
 13203 | Lair:4   | Found a staircase to the Snake Pit.
 13276 | Lair:4   | Found a staircase to the Swamp.
 13842 | Lair:5   | Reached XP level 14. HP: 111/111 MP: 26/26
 13855 | Lair:5   | Identified the +7 falchion of Nooci {vorpal, Int+4}
 13932 | Lair:5   | Reached skill level 10 in Polearms
 14169 | Lair:5   | Reached ****** piety under Ashenzari
 14729 | Lair:6   | Entered Level 6 of the Lair of Beasts
 14932 | Lair:6   | Reached skill level 10 in Invocations
 15482 | Lair:6   | Found a staircase to the Slime Pits.
 15482 | Lair:6   | Found a viscous altar of Jiyva.
 15558 | Lair:6   | Identified the cursed +1 leather armour "Tatoes" {rC-
                  | Str+5}
 17484 | D:12     | Reached XP level 15. HP: 99/119 MP: 28/28
 17562 | D:12     | Found a shimmering blue altar of Sif Muna.
 17673 | D:12     | Found a sparkling altar of Nemelex Xobeh.
 18291 | D:12     | Found a staircase to the Orcish Mines.
 18303 | Orc:1    | Entered Level 1 of the Orcish Mines
 18568 | Orc:1    | Noticed an orc warlord
 18593 | Orc:1    | Killed an orc warlord
 18851 | Orc:1    | Found a roughly hewn altar of Beogh.
 19016 | Orc:2    | Entered Level 2 of the Orcish Mines
 19134 | Orc:2    | Noticed Rupert
 19153 | Orc:2    | Killed Rupert
 19154 | Orc:2    | Reached skill level 10 in Short Blades
 19154 | Orc:2    | Reached skill level 10 in Long Blades
 19154 | Orc:2    | Reached skill level 10 in Axes
 19154 | Orc:2    | Reached skill level 10 in Maces & Flails
 19154 | Orc:2    | Reached skill level 10 in Staves
 19154 | Orc:2    | Reached skill level 10 in Slings
 19154 | Orc:2    | Reached skill level 10 in Bows
 19154 | Orc:2    | Reached skill level 10 in Crossbows
 19154 | Orc:2    | Reached skill level 10 in Throwing
 19154 | Orc:2    | Reached skill level 10 in Dodging
 19154 | Orc:2    | Reached skill level 10 in Stealth
 19154 | Orc:2    | Reached skill level 10 in Unarmed Combat
 19154 | Orc:2    | Reached skill level 10 in Spellcasting
 19154 | Orc:2    | Reached skill level 10 in Evocations
 19183 | Orc:2    | Found a staircase to the Elven Halls.
 19229 | Orc:2    | Found a roughly hewn altar of Beogh.
 19230 | Orc:2    | Found Ruschin's General Store.
 19582 | Orc:2    | Noticed an orc warlord
 19604 | Orc:2    | Killed an orc warlord
 19615 | Orc:2    | Found Bumyqyn's Antique Armour Emporium.
 19616 | Orc:2    | Found a roughly hewn altar of Beogh.
 19619 | Orc:2    | Found Xoucuzec's Antique Weapon Shoppe.
 19630 | Orc:2    | Bought a pair of steaming gloves for 237 gold pieces
 19630 | Orc:2    | Identified the cursed +0 pair of gloves of the New World
                  | {rN+} (You bought it in a shop on level 2 of the Orcish
                  | Mines)
 19633 | Orc:2    | Bought a fading plate armour for 700 gold pieces
 19633 | Orc:2    | Identified the +5 plate armour of the Hurricane {+Blink rF-
                  | MR+} (You bought it in a shop on level 2 of the Orcish
                  | Mines)
 19638 | Orc:2    | Bought a glimmering chain mail for 237 gold pieces
 19638 | Orc:2    | Identified the +3 chain mail of Benevolence {MR+} (You
                  | bought it in a shop on level 2 of the Orcish Mines)
 19638 | Orc:2    | Bought a scorched ring mail for 225 gold pieces
 19638 | Orc:2    | Identified the cursed +1 ring mail of Winter {rPois rF+
                  | Slay+5} (You bought it in a shop on level 2 of the Orcish
                  | Mines)
 19857 | Orc:2    | Found a roughly hewn altar of Beogh.
 19858 | Orc:2    | Found Nykhlac's Antique Weapon Emporium.
 19893 | Orc:2    | Bought a faintly glowing rapier for 315 gold pieces
 19893 | Orc:2    | Identified the cursed +3 rapier "Kiddis" {vorpal, Dex+3}
                  | (You bought it in a shop on level 2 of the Orcish Mines)
 19909 | Orc:2    | Found a roughly hewn altar of Beogh.
 19973 | Orc:2    | Found Ezefu's Antique Weapon Boutique.
 19982 | Orc:2    | Bought a translucent scimitar for 306 gold pieces
 19982 | Orc:2    | Identified the +9 scimitar "Geixigij" {vorpal, *Contam
                  | +Blink Int-2 Dex+8} (You bought it in a shop on level 2 of
                  | the Orcish Mines)
 20935 | D:13     | Noticed a fire giant
 20945 | D:13     | Killed a fire giant
 21443 | D:14     | Identified the +2 robe "Unaumer" {rElec MR+++ Regen+ MP+9}
 21609 | D:14     | Found a gate to the Vaults.
 21629 | D:14     | Reached XP level 16. HP: 112/127 MP: 26/30
 22056 | D:14     | Noticed Agnes
 22067 | D:14     | Killed Agnes
 22310 | D:15     | Entered Level 15 of the Dungeon
 23035 | D:15     | Cast into level 2 of the Abyss (a wizard)
 23288 | D:15     | Escaped the Abyss
 23413 | D:15     | Found a staircase to the Depths.
 23822 | Slime:1  | Entered Level 1 of the Pits of Slime
 23827 | Slime:1  | Gained mutation: Your spells are a little easier to cast,
                  | but a little less powerful. [a shining eye]
 23833 | Slime:1  | Gained mutation: You are clumsy. (Dex -2) [a shining eye]
 23844 | Slime:2  | Noticed an azure jelly
 23860 | Slime:1  | Killed an azure jelly
 23974 | Slime:2  | Learned a level 2 spell: Wereblood
 23988 | Slime:3  | Noticed an azure jelly
 23993 | Slime:3  | Killed an azure jelly
 24000 | Slime:4  | Noticed an acid blob
 24040 | Slime:3  | Killed an acid blob
 24094 | Slime:5  | Entered Level 5 of the Pits of Slime
 24094 | Slime:5  | Noticed an acid blob
 24094 | Slime:5  | Noticed an azure jelly
 24113 | Slime:4  | Killed an acid blob
 24169 | Slime:4  | Noticed an acid blob
 24174 | Slime:4  | Killed an azure jelly
 24181 | Slime:4  | Killed an acid blob
 24250 | Slime:5  | Noticed an acid blob
 24263 | Slime:5  | Killed an acid blob
 24335 | Slime:5  | Noticed an acid blob
 24348 | Slime:5  | Killed an acid blob
 24360 | Slime:5  | Gained mutation: You have a pair of small horns on your
                  | head. [a shining eye]
 24369 | Slime:5  | Gained mutation: Scrolls take you a little longer to read.
                  | [a shining eye]
 24381 | Slime:5  | Noticed the Royal Jelly
 24390 | Slime:5  | Noticed an azure jelly
 24390 | Slime:5  | Noticed an acid blob
 24390 | Slime:5  | Noticed an acid blob
 24394 | Slime:5  | Noticed an acid blob
 24395 | Slime:5  | Killed an acid blob
 24395 | Slime:5  | Killed an azure jelly
 24397 | Slime:5  | Noticed an acid blob
 24399 | Slime:5  | Noticed an acid blob
 24401 | Slime:5  | Noticed an acid blob
 24402 | Slime:5  | Noticed an acid blob
 24404 | Slime:5  | Noticed an acid blob
 24405 | Slime:5  | Noticed an azure jelly
 24405 | Slime:5  | Killed an acid blob
 24405 | Slime:5  | Killed an acid blob
 24406 | Slime:5  | Noticed an azure jelly
 24406 | Slime:5  | Noticed an acid blob
 24410 | Slime:5  | Noticed an acid blob
 24410 | Slime:5  | Killed an acid blob
 24415 | Slime:5  | Killed an azure jelly
 24416 | Slime:5  | Killed an acid blob
 24417 | Slime:5  | Killed an acid blob
 24420 | Slime:5  | HP: 1/129 [acid blob (20)]
 24420 | Slime:5  | Splashed by an acid blob's acid

Illustrated notes

Levels and vault maps discovered:
D:1:      dpeg_arrival_round_a, layout_loops_corners
D:2:      layout_rooms, xom_teletrap_fun, lemuel_doored_altar,
          evilmike_ruin_ashenzari, chequers_ecumenical_altar_simple
D:3:      layout_loops_ring, grunt_temple_overflow_order_and_chaos_2
D:4:      layout_basic, lemuel_coloured_pillars_altar, nicolae_ru_path_of_blood,
          grunt_gozag_statues, minmay_temple_entry_butterflies,
          dk_noncrumbling_4
D:5:      layout_loops_ring, nicolae_overflow_crystal_walls, uniq_sigmund
D:6:      layout_cave_pools, nicolae_overflow_hidden_temple,
          nicolae_dithmenos_the_darkroom
D:7:      layout_cave_pools, serial_shops, shop, bh_walls_and_bars, uniq_harold
D:8:      layout_cave_pools, chequers_temple_overflow_minitemple, serial_ice,
          serial_ice_f, serial_ice_h, serial_ice_l, serial_ice_o, serial_ice_m,
          serial_ice_g, minmay_ruined_shrine
D:9:      layout_cave_pods, david_lair_generic, nicolae_straight_to_the_point
D:10:     layout_gridville
D:11:     layout_loops_ring
D:12:     layout_long_grid, david_orc_4, basic_altar, st_stairs_9,
          nemelex_diamond_rough_becter
D:13:     minmay_two_paths, layout_loops_ring, minmay_microvault
D:14:     minmay_curly_fans, layout_irregular_city, erik_vaults_1,
          serial_column_ruins, column_ruins_grid_1, column_ruins_open_small,
          column_ruins_grid_4, column_ruins_corridor_straight,
          column_ruins_columns_straight, column_ruins_open_tiny, minivault_11,
          uniq_agnes
D:15:     hangedman_depths_entry_civil_slaughter, layout_loops_ring,
          minivault_14
Lair:1:   layout_cave_pods, lightli_volcano_entry_magma_tube,
          minmay_lair_oklob_chamber, serial_bayou_shore_b
Lair:2:   gammafunk_lair_enchanted_lake, layout_regular_city,
          portal_ice_cave_rime
Lair:3:   layout_loops_ring, serial_bayou_shore_a
Lair:4:   layout_long_grid, swamp_mist, minmay_snake_entry_guardpost_small
Lair:5:   layout_regular_city, st_stairs_9, eino_house_with_fridge,
          serial_bayou_shore_b
Lair:6:   hangedman_lair_tendril_chambers, layout_misc_corridors, slime_altar_1
Slime:1:  layout_caves
Slime:2:  layout_caves, cheibrodos_slime_lost_civilization_7
Slime:3:  cheibrodos_slime_lost_civilization_10, layout_caves
Slime:4:  layout_caves
Slime:5
Orc:1:    orc_temple, layout_caves
Orc:2:    grunt_orc_community_town_hall, layout_diamond_mine,
          grunt_orc_community_big_house_1, grunt_orc_community_big_house_1,
          grunt_orc_community_house_2, grunt_orc_community_house_1,
          grunt_orc_community_house_3, grunt_orc_community_house_1,
          grunt_orc_community_house_3, grunt_orc_community_house_3,
          serial_shops, shop, uniq_rupert

Skill      XL: |  1  2  3  4  5  6  7  8  9 10 11 12 13 14 15 16 |
---------------+-------------------------------------------------+-----
Invocations    | 1 2 3 4 5 6 7 8 9 10 11 12 | 12.0
Short Blades   | 1 2 3 4 5 6 7 8 9 10 11 | 11.1
Long Blades    | 1 2 3 4 5 6 7 8 9 10 11 | 11.1
Axes           | 1 2 3 4 5 6 7 8 9 10 11 | 11.1
Maces & Flails | 1 2 3 4 5 6 7 8 9 10 11 | 11.1
Staves         | 1 2 3 4 5 6 7 8 9 10 11 | 11.1
Slings         | 1 2 3 4 5 6 7 8 9 10 11 | 11.1
Bows           | 1 2 3 4 5 6 7 8 9 10 11 | 11.1
Crossbows      | 1 2 3 4 5 6 7 8 9 10 11 | 11.1
Throwing       | 1 2 3 4 5 6 7 8 9 10 11 | 11.1
Dodging        | 1 2 3 4 5 6 7 8 9 10 11 | 11.1
Stealth        | 1 2 3 4 5 6 7 8 9 10 11 | 11.1
Unarmed Combat | 1 2 3 4 5 6 7 8 9 10 11 | 11.1
Spellcasting   | 1 2 3 4 5 6 7 8 9 10 11 | 11.1
Evocations     | 1 2 3 4 5 6 7 8 9 10 11 | 11.1
Conjurations   | 1 2 3 4 5 6 7 8 9 |  9.5
Hexes          | 1 2 3 4 5 6 7 8 9 |  9.5
Summonings     | 1 2 3 4 5 6 7 8 9 |  9.5
Necromancy     | 1 2 3 4 5 6 7 8 9 |  9.5
Translocations | 1 2 3 4 5 6 7 8 9 |  9.5
Transmutations | 1 2 3 4 5 6 7 8 9 |  9.5
Fire Magic     | 1 2 3 4 5 6 7 8 9 |  9.5
Ice Magic      | 1 2 3 4 5 6 7 8 9 |  9.5
Air Magic      | 1 2 3 4 5 6 7 8 9 |  9.5
Earth Magic    | 1 2 3 4 5 6 7 8 9 |  9.5
Poison Magic   | 1 2 3 4 5 6 7 8 9 |  9.5
Polearms       | 5 6 7 8 9 10 11 12 | 12.0
Fighting       | 7 8 9 10 11 12 | 12.7
Armour         | 7 8 9 10 11 12 | 12.7
Shields        | 7 8 9 10 11 12 | 12.7

Action                   |  1- 3 |  4- 6 |  7- 9 | 10-12 | 13-15 | 16-18 || total
-------------------------+-------+-------+-------+-------+-------+-------++-------
Melee: Trident           |    68 |   140 |       |       |       |       ||   208
       Bite              |     5 |    24 |    48 |    99 |   267 |    94 ||   537
       Morningstar       |       |    65 |   316 |   239 |       |       ||   620
       Flail             |       |       |     7 |       |       |       ||     7
       Double sword      |       |       |       |   292 |  1353 |   451 ||  2096
       Headbutt          |       |       |       |       |       |    12 ||    12
Invok: Curse Item        |       |     1 |     5 |     1 |     2 |       ||     9
Evoke: Wand              |       |       |     4 |    27 |     6 |     1 ||    38
       Phial of floods   |       |       |       |       |     1 |     1 ||     2
       Lightning rod     |       |       |       |       |     5 |     3 ||     8
       Box of beasts     |       |       |       |       |       |     2 ||     2
  Use: Scroll            |       |       |    11 |     6 |     9 |     8 ||    34
       Potion            |       |       |     2 |     1 |     3 |     8 ||    14
 Stab: Invisible         |       |       |     1 |       |       |     2 ||     3
       Sleeping          |       |       |       |       |    10 |     4 ||    14
       Distracted        |       |       |       |       |    14 |     3 ||    17
Armor: Chain mail        |    21 |   122 |   234 |   349 |   501 |   219 ||  1446
Dodge: Dodged            |     8 |    20 |   144 |   297 |   642 |   234 ||  1345
Block: Kite shield       |    29 |    85 |   255 |   475 |  1052 |   290 ||  2186
       Rpst.: Double sword |       |       |       |    42 |   170 |    41 ||   253

Table legend: (Time is in decaauts)
 A = Elapsed time spent in this place.
 B = Non-inter-level travel time spent in this place.
 C = Inter-level travel time spent in this place.
 D = Time resting spent in this place.
 E = Time spent auto-exploring this place.
 F = Levels seen in this place.
 G = Mean time per level.
                   A        B        C        D        E       F      G
               +--------+--------+--------+--------+--------+-----+--------+
         Total |  24409 |  23261 |   1148 |   1848 |  14762 |  31 |  787.4 |
       Dungeon |  14392 |  13675 |    717 |   1028 |   9302 |  15 |  959.5 |
          Lair |   6285 |   5874 |    411 |    486 |   3896 |   6 | 1047.5 |
    Slime Pits |    536 |    536 |      0 |    170 |      0 |   5 |  107.2 |
  Orcish Mines |   1950 |   1931 |     19 |     78 |   1229 |   2 |  975.0 |
         Abyss |    249 |    249 |      0 |      0 |      0 |   1 |  249.0 |
      Ice Cave |    800 |    800 |      0 |     86 |    334 |   1 |  800.0 |
       Volcano |    195 |    195 |      0 |      0 |      0 |   1 |  195.0 |
               +--------+--------+--------+--------+--------+-----+--------+

Top non-repeatable levels by time:
  Lair:2: 1369 daAuts
   Orc:2: 1251 daAuts
     D:7: 1216 daAuts
     D:5: 1178 daAuts
  Lair:6: 1162 daAuts
     D:9: 1143 daAuts
     D:4: 1103 daAuts
    D:13: 1066 daAuts
  Lair:1: 1045 daAuts
    D:15: 977 daAuts
     D:6: 974 daAuts
  Lair:5: 960 daAuts
  Lair:3: 934 daAuts
     D:2: 925 daAuts
    D:12: 915 daAuts
